PCL
SPOKANE TRAPPERS @ VANCOUVER VIPERS
08/09/2027
 
TOP OF THE 1ST
Spokane Trappers batting - Pitching for Vancouver Vipers : RHP Diego González
Pitching: RHP Diego González
Batting: LHB Héctor Rentería 0-0: SINGLE (Groundball, 56D)
Batting: LHB José Berroa 0-0: Called Strike
0-1: Ball
1-1: Foul Ball, location: 2F
1-2: Ground out 5-3 (Groundball, 5S)
Héctor Rentería to second
Batting: LHB Vicente Bueno 0-0: Ball
Héctor Rentería steals 3rd base
1-0: Ball
2-0: SINGLE (Groundball, 6D)
Héctor Rentería scores
Batting: SHB Glenn Vadnais 0-0: Ball
1-0: Called Strike
1-1: Foul Ball, location: 2F
1-2: Ball
2-2: Grounds into double play, 6-4-3 (Groundball, 56)
Top of the 1st over - 1 run(s), 2 hit(s), 0 error(s), 0 left on base; Spokane 1 - Vancouver 0
BOTTOM OF THE 1ST
Vancouver Vipers batting - Pitching for Spokane Trappers : RHP Jae-hyun Ch'oe
Pitching: RHP Jae-hyun Ch'oe
Batting: RHB Miguel Palácios 0-0: Ball
1-0: Swinging Strike
1-1: Foul Ball, location: 2F
1-2: Ground out 3-1 (Groundball, 34S)
Batting: LHB Dave Gray 0-0: Ball
1-0: Foul Ball, location: 2F
1-1: SINGLE (Line Drive, 8RS)
Batting: LHB Larry Howard 0-0: Ball
1-0: Ball
2-0: Ball
3-0: Base on Balls
Dave Gray to second
Batting: LHB Bob Ware 0-0: Fly out, F5 (Popup, 5)
Batting: SHB Henry Copeland 0-0: Foul Ball, location: 2F
0-1: Ball
1-1: Ball
2-1: Foul Ball, location: 2F
2-2: Strikes out swinging
Bottom of the 1st over - 0 run(s), 1 hit(s), 0 error(s), 2 left on base; Spokane 1 - Vancouver 0
TOP OF THE 2ND
Spokane Trappers batting - Pitching for Vancouver Vipers : RHP Diego González
Batting: RHB Pedro Guzmán 0-0: Called Strike
0-1: Ball
1-1: Fly out, F9 (Flyball, 9)
Batting: LHB Alan Moore 0-0: Ball
1-0: Ball
2-0: DOUBLE (Flyball, 89M)
Batting: RHB Robert Marks 0-0: Fly out, F9 (Flyball, 9S)
Batting: RHB Clyde Kelley 0-0: Called Strike
0-1: Fly out, F4 (Popup, 4)
Top of the 2nd over - 0 run(s), 1 hit(s), 0 error(s), 1 left on base; Spokane 1 - Vancouver 0
BOTTOM OF THE 2ND
Vancouver Vipers batting - Pitching for Spokane Trappers : RHP Jae-hyun Ch'oe
Batting: RHB Lorenzo González 0-0: Ball
1-0: Called Strike
1-1: Ground out 1-3 (Groundball, 15S)
Batting: RHB Daniel Robert 0-0: Called Strike
0-1: Ball
1-1: Fly out, F4 (Line Drive, 4D)
Batting: RHB Víctor Arredondo 0-0: Called Strike
0-1: Ball
1-1: Called Strike
1-2: Ball
2-2: Strikes out swinging
Bottom of the 2nd over - 0 run(s), 0 hit(s), 0 error(s), 0 left on base; Spokane 1 - Vancouver 0
TOP OF THE 3RD
Spokane Trappers batting - Pitching for Vancouver Vipers : RHP Diego González
Batting: LHB Rusty Herbert 0-0: Called Strike
0-1: Ball
1-1: Ball
2-1: Foul Ball, location: 2F
2-2: Foul Ball, location: 2F
2-2: Ball
3-2: DOUBLE (Line Drive, 9LD)
Pinch Runner at 2nd Jaime Padilla:
Batting: LHB Héctor Rentería 0-0: Called Strike
0-1: Ball
1-1: Fly out, F7 (Flyball, 7S)
Batting: LHB José Berroa 0-0: Ball
1-0: Ball
2-0: Ball
3-0: Base on Balls
Batting: LHB Vicente Bueno 0-0: Ball
1-0: Called Strike
1-1: Called Strike
1-2: Foul Ball, location: 2F
1-2: Foul Ball, location: 2F
1-2: Ball
2-2: Foul Ball, location: 2F
2-2: Ball
3-2: Strikes out swinging
José Berroa steals 2nd base
Batter strikes out.
Jaime Padilla to third
Pitching: RHP Ben Evans
Batting: SHB Glenn Vadnais 0-0: Called Strike
0-1: Called Strike
0-2: Strikes out swinging
Top of the 3rd over - 0 run(s), 1 hit(s), 0 error(s), 2 left on base; Spokane 1 - Vancouver 0
BOTTOM OF THE 3RD
Vancouver Vipers batting - Pitching for Spokane Trappers : RHP Jae-hyun Ch'oe
Now at SS: Jaime Padilla
Batting: RHB Ryan Parrish 0-0: Ball
1-0: SINGLE (Groundball, 56D)
Batting: RHB Miguel Palácios 0-0: Ball
1-0: Ball
2-0: Ball
3-0: Grounds into double play, 6-4-3 (Groundball, 6)
Batting: LHB Dave Gray 0-0: Fly out, F8 (Line Drive, 8LM)
Bottom of the 3rd over - 0 run(s), 1 hit(s), 0 error(s), 0 left on base; Spokane 1 - Vancouver 0
TOP OF THE 4TH
Spokane Trappers batting - Pitching for Vancouver Vipers : RHP Ben Evans
Batting: RHB Pedro Guzmán 0-0: Fly out, F7 (Flyball, 7D)
Batting: LHB Alan Moore 0-0: Swinging Strike
0-1: SINGLE (Line Drive, 4MD)
Batting: RHB Robert Marks 0-0: Fly out, F8 (Flyball, 8RS)
Batting: RHB Clyde Kelley 0-0: Called Strike
0-1: Ball
1-1: Ball
2-1: Foul Ball, location: 2F
2-2: Ball
3-2: Base on Balls
Alan Moore to second
Batting: LHB Jaime Padilla 0-0: Ball
1-0: Swinging Strike
1-1: Called Strike
1-2: Ball
2-2: Foul Ball, location: 2F
2-2: Ball
3-2: Fly out, F5 (Line Drive, 56)
Top of the 4th over - 0 run(s), 1 hit(s), 0 error(s), 2 left on base; Spokane 1 - Vancouver 0
BOTTOM OF THE 4TH
Vancouver Vipers batting - Pitching for Spokane Trappers : RHP Jae-hyun Ch'oe
Batting: LHB Larry Howard 0-0: Ball
1-0: Swinging Strike
1-1: Called Strike
1-2: Strikes out looking
Batting: LHB Bob Ware 0-0: Ground out 4-3 (Groundball, 4)
Batting: SHB Henry Copeland 0-0: Foul Ball, location: 2F
0-1: Ball
1-1: Foul Ball, location: 2F
1-2: Ball
2-2: Fly out, F9 (Flyball, 9S)
Bottom of the 4th over - 0 run(s), 0 hit(s), 0 error(s), 0 left on base; Spokane 1 - Vancouver 0
TOP OF THE 5TH
Spokane Trappers batting - Pitching for Vancouver Vipers : RHP Ben Evans
Batting: LHB Héctor Rentería 0-0: Fly out, F8 (Flyball, 78D)
Batting: LHB José Berroa 0-0: Ball
1-0: Called Strike
1-1: Foul Ball, location: 2F
1-2: Foul Ball, location: 2F
1-2: Strikes out swinging
Batting: LHB Vicente Bueno 0-0: Called Strike
0-1: Ball
1-1: Ball
2-1: Fly out, F9 (Flyball, 9S)
Top of the 5th over - 0 run(s), 0 hit(s), 0 error(s), 0 left on base; Spokane 1 - Vancouver 0
BOTTOM OF THE 5TH
Vancouver Vipers batting - Pitching for Spokane Trappers : RHP Jae-hyun Ch'oe
Batting: RHB Lorenzo González 0-0: Swinging Strike
0-1: Called Strike
0-2: Ball
1-2: Foul Ball, location: 2F
1-2: Strikes out swinging
Batting: RHB Daniel Robert 0-0: Ground out 6-3 (Groundball, 6)
Batting: RHB Víctor Arredondo 0-0: Ball
1-0: Ball
2-0: Foul Ball, location: 2F
2-1: DOUBLE (Flyball, 8LXD)
Batting: RHB Ryan Parrish 0-0: Ball
1-0: Fly out, F6 (Line Drive, 6M)
Bottom of the 5th over - 0 run(s), 1 hit(s), 0 error(s), 1 left on base; Spokane 1 - Vancouver 0
TOP OF THE 6TH
Spokane Trappers batting - Pitching for Vancouver Vipers : RHP Ben Evans
Batting: SHB Glenn Vadnais 0-0: Called Strike
0-1: Foul Ball, location: 2F
0-2: Ball
1-2: Foul Ball, location: 2F
1-2: Fly out, F8 (Flyball, 8RS)
Batting: RHB Pedro Guzmán 0-0: Ball
1-0: Fly out, F7 (Flyball, 7LM)
Batting: LHB Alan Moore 0-0: Called Strike
0-1: Ground out 3-1 (Groundball, 34S)
Top of the 6th over - 0 run(s), 0 hit(s), 0 error(s), 0 left on base; Spokane 1 - Vancouver 0
BOTTOM OF THE 6TH
Vancouver Vipers batting - Pitching for Spokane Trappers : RHP Jae-hyun Ch'oe
Batting: RHB Miguel Palácios 0-0: Bunt for hit - play at first, batter safe!
Batting: LHB Dave Gray 0-0: Ball
Miguel Palácios steals 2nd base
1-0: Ball
2-0: Foul Ball, location: 2F
2-1: Called Strike
2-2: Fly out, F4 (Flyball, 4D)
Batting: LHB Larry Howard 0-0: Ball
1-0: Ball
2-0: 2-RUN HOME RUN (Flyball, 9D), Distance : 365 ft
Batting: LHB Bob Ware 0-0: Swinging Strike
0-1: Foul Ball, location: 2F
0-2: Ball
1-2: Ground out 4-3 (Groundball, 4)
Batting: SHB Henry Copeland 0-0: Foul Ball, location: 2F
0-1: Ground out U3 (Groundball, 3L)
Bottom of the 6th over - 2 run(s), 2 hit(s), 0 error(s), 0 left on base; Spokane 1 - Vancouver 2
TOP OF THE 7TH
Spokane Trappers batting - Pitching for Vancouver Vipers : RHP Ben Evans
Batting: RHB Robert Marks 0-0: Ball
1-0: Called Strike
1-1: Ball
2-1: SINGLE (Line Drive, 6D)
Batting: RHB Clyde Kelley 0-0: Bunted foul
0-1: Sac Bunt - play at second, runner safe!
Pitching: LHP Greg Taylor
Batting: LHB Jaime Padilla 0-0: Sac Bunt - play at first, batter OUT! 1-4
Robert Marks to third
Clyde Kelley to second
Pinch Hitting: RHB Toru Nakanishi 0-0: Ball
1-0: Called Strike
1-1: Fly out, F7 (Line Drive, 7S)
Batting: LHB José Berroa 0-0: Called Strike
0-1: Ball
1-1: Called Strike
1-2: Strikes out swinging
Top of the 7th over - 0 run(s), 1 hit(s), 0 error(s), 2 left on base; Spokane 1 - Vancouver 2
BOTTOM OF THE 7TH
Vancouver Vipers batting - Pitching for Spokane Trappers : RHP Jae-hyun Ch'oe
Now in RF: Juan Viera
Batting: RHB Lorenzo González 0-0: Ball
1-0: Called Strike
1-1: Swinging Strike
1-2: SINGLE (Groundball, 6) (infield hit)
Batting: RHB Daniel Robert 0-0: Ball
1-0: Sac Bunt - play at first, batter OUT! U3
Lorenzo González to second
Batting: RHB Víctor Arredondo 0-0: Intentional Walk
Batting: RHB Ryan Parrish 0-0: Called Strike
0-1: SINGLE (Groundball, 56) (infield hit)
Lorenzo González to third
Víctor Arredondo to second
Batting: RHB Miguel Palácios 0-0: Ball
1-0: Foul Ball, location: 2F
1-1: Ball
2-1: Foul Ball, location: 2F
2-2: Fly out, F7 (Line Drive, 78M)
Runner from 3rd tags up, OUT at HOME
Bottom of the 7th over - 0 run(s), 2 hit(s), 0 error(s), 2 left on base; Spokane 1 - Vancouver 2
TOP OF THE 8TH
Spokane Trappers batting - Pitching for Vancouver Vipers : LHP Greg Taylor
Pitching: RHP Jesse Jones
Batting: LHB Vicente Bueno 0-0: Fly out, F8 (Flyball, 8RS)
Batting: SHB Glenn Vadnais 0-0: Ground out 4-3 (Groundball, 4M)
Batting: RHB Pedro Guzmán 0-0: Called Strike
0-1: Ball
1-1: Ground out 4-3 (Groundball, 4)
Top of the 8th over - 0 run(s), 0 hit(s), 0 error(s), 0 left on base; Spokane 1 - Vancouver 2
BOTTOM OF THE 8TH
Vancouver Vipers batting - Pitching for Spokane Trappers : RHP Jae-hyun Ch'oe
Batting: LHB Dave Gray 0-0: Ball
1-0: Ball
2-0: Ball
3-0: Base on Balls
Pinch Runner at 1st Jesús Gonzáles:
Batting: LHB Larry Howard 0-0: Called Strike
0-1: Ball
1-1: Foul Ball, location: 2F
1-2: Ball
2-2: Strikes out swinging
Batting: LHB Bob Ware 0-0: Ball
1-0: Called Strike
1-1: Foul Ball, location: 2F
1-2: Strikes out looking
Pitching: LHP Júlio Hernández
Batting: SHB Henry Copeland 0-0: Ball
1-0: Swinging Strike
1-1: Swinging Strike
1-2: Foul Ball, location: 2F
1-2: Strikes out swinging
Bottom of the 8th over - 0 run(s), 0 hit(s), 0 error(s), 1 left on base; Spokane 1 - Vancouver 2
TOP OF THE 9TH
Spokane Trappers batting - Pitching for Vancouver Vipers : RHP Jesse Jones
Pitching: RHP Pedro Días
Now at SS: Axel Guimont
Batting: LHB Alan Moore 0-0: Ball
1-0: Ball
2-0: Fly out, F1 (Line Drive, 13S)
Pinch Hitting: RHB José Gómez 0-0: Swinging Strike
0-1: Foul Ball, location: 2F
0-2: Fly out, F7 (Flyball, 7)
Batting: RHB Clyde Kelley 0-0: Called Strike
0-1: SOLO HOME RUN (Flyball, 7D), Distance : 374 ft
Pinch Hitting: RHB Enrico Rodríguez 0-0: Foul Ball, location: 2F
0-1: Ball
1-1: Swinging Strike
1-2: Foul Ball, location: 2F
1-2: Foul Ball, location: 2F
1-2: Ball
2-2: Strikes out swinging
Top of the 9th over - 1 run(s), 1 hit(s), 0 error(s), 0 left on base; Spokane 2 - Vancouver 2
BOTTOM OF THE 9TH
Vancouver Vipers batting - Pitching for Spokane Trappers : LHP Júlio Hernández
Now at C: José Gómez
Now at SS: Enrico Rodríguez
Batting: RHB Lorenzo González 0-0: Ball
1-0: Called Strike
1-1: Ball
2-1: Ball
3-1: Foul Ball, location: 2F
3-2: Foul Ball, location: 2F
3-2: SINGLE (Flyball, 8LS)
Batting: RHB Daniel Robert 0-0: Ball
1-0: Sac Bunt - play at first, batter OUT! U3
Lorenzo González to second
Batting: RHB Víctor Arredondo 0-0: Intentional Walk
Pinch Hitting: RHB Marvin Workman 0-0: Ball
1-0: Ball
2-0: SINGLE (Groundball, 6MD)
Lorenzo González to third
Víctor Arredondo to second
Batting: RHB Miguel Palácios 0-0: Fly out, F8 (Flyball, 8LS)
Batting: RHB Axel Guimont 0-0: Swinging Strike
0-1: Ball
1-1: Ball
2-1: SINGLE (Line Drive, 34D)
Lorenzo González scores
Thursday, March 30th, 2017 - OOTP Baseball 17.12 Build 75